 Dungeon Crawl Stone Soup version 0.24.1 (webtiles) character file.

Game seed: 5002288255022256395, levelgen mode: deterministic

13928 Vector13 the Destroyer (level 11, -34/75 HPs)
             Began as a Yellow Draconian Conjurer on Mar 27, 2020.
             Was a High Priest of Hepliaklqana.
             Killed from afar by an efreet (43 damage)
             ... with a fireball
             ... on level 15 of the Dungeon on Mar 28, 2020.
             The game lasted 03:46:54 (13009 turns).

Vector13 the Destroyer (Yellow Draconian Conjurer) Turns: 13009, Time: 03:46:57

Health: -34/75     AC: 10    Str: 15    XL:     11   Next: 82%
Magic:  13/22      EV: 16    Int: 22    God:    Hepliaklqana [*****.]
Gold:   621        SH:  0    Dex: 12    Spells: 11/25 levels left

rFire    . . .     SeeInvis .   s - +1 dagger "Fuliuw" {pierce, +Rage Int+2}
rCold    . . .     Gourm    .   (no shield)
rNeg     . . .     Faith    .   (armour unavailable)
rPois    .         Spirit   .   (helmet restricted)
rElec    .         Reflect  .   e - +0 cloak
rCorr    +         Harm     .   (no gloves)
MR       .....                  g - +1 pair of boots
Stlth    ++++......             c - amulet of regeneration
HPRegen  0.62/turn              o - +2 ring of intelligence
MPRegen  0.18/turn              t - +4 ring of strength

@: no status effects
A: spit acid, unfitting armour, reduced essence, blink, frail 1, mutation
resistance 1, cold-blooded, acid resistance, AC +7
a: Breathe Acid, Blink, Recall Ancestor, Ancestor Identity, Transference,
Idealise, Renounce Religion, Evoke Berserk Rage


You were on level 15 of the Dungeon.
You worshipped Hepliaklqana.
Hepliaklqana was extremely pleased with you.
You were not hungry.

You visited 2 branches of the dungeon, and saw 15 of its levels.

You collected 621 gold pieces.

Inventory:

Hand Weapons
 r - a +2 dagger of draining
 s - the +1 dagger "Fuliuw" (weapon) {pierce, +Rage Int+2}
   (You found it on level 5 of the Dungeon)

   It inflicts extra damage upon your enemies.
   It affects your intelligence (+2).
   It lets you go berserk.
Armour
 e - a +0 cloak (worn)
 g - a +1 pair of boots (worn)
Jewellery
 c - an amulet of regeneration (around neck)
 j - an uncursed ring of positive energy
 o - a +2 ring of intelligence (left hand)
 t - a +4 ring of strength (right hand)
 x - an uncursed ring of protection from cold
 z - an uncursed ring of flight
Wands
 d - a wand of flame (10)
 q - a wand of iceblast (13)
 u - a wand of digging (3)
 v - a wand of paralysis (12)
Scrolls
 f - 3 scrolls of blinking
 p - 2 scrolls of remove curse
 y - 3 scrolls of enchant armour
Potions
 a - 3 potions of berserk rage
 h - 4 potions of agility
 i - a potion of magic
 l - a potion of invisibility
 n - a potion of flight
 w - a potion of might
 A - a potion of haste
 B - a potion of ambrosia
 E - a potion of resistance
Comestibles
 b - 10 rations


   Skills:
 + Level 7.8 Fighting
 + Level 4.7 Short Blades
 + Level 7.3 Dodging
 + Level 7.8 Stealth
 + Level 7.7 Spellcasting
 + Level 8.6 Conjurations
 + Level 8.2 Invocations


You had 11 spell levels left.
You knew the following spells:

 Your Spells              Type           Power        Failure   Level  Hunger
a - Magic Dart            Conj           ####         1%          1    None
b - Searing Ray           Conj           #####.       1%          2    None
c - Dazzling Spray        Conj/Hex       ####..       3%          3    None
d - Iskenderun's Mystic   Conj           #####...     2%          4    ###....
e - Blink                 Tloc           N/A          12%         2    None
f - Call Imp              Summ           #.......     12%         2    None

Your spell library contained the following spells:

 Spells                   Type           Power        Failure   Level  Hunger
 Conjure Flame            Conj/Fire      ####....     3%          3    None
 Mephitic Cloud           Conj/Pois/Air  ###.....     7%          3    None
 Corona                   Hex            #......      8%          1    None
 Summon Butterflies       Summ           #.......     8%          1    None
 Summon Small Mammal      Summ           #...         8%          1    None
 Ensorcelled Hibernation  Hex/Ice        #.....       12%         2    None
 Slow                     Hex            #.......     12%         2    None
 Force Lance              Conj/Tloc      ####....     13%         4    ###....
 Fulminant Prism          Conj/Hex       ####......   13%         4    ###....
 Call Canine Familiar     Summ           #.......     22%         3    None
 Confuse                  Hex            #.......     22%         3    None
 Summon Guardian Golem    Hex/Summ       #.......     22%         3    None
 Tukima's Dance           Hex            #.......     22%         3    None
 Summon Ice Beast         Ice/Summ       #.......     58%         4    ###....
 Summon Lightning Spire   Summ/Air       #.......     58%         4    ###....


Dungeon Overview and Level Annotations

Branches:
Dungeon (15/15)            Temple (1/1) D:6            Lair (0/6) D:8
    Orc (0/2) D:10         Depths (0/5) D:15
 Vaults: D:13-14

Altars:
Ashenzari
Cheibriados
Dithmenos
Elyvilon
Fedhas
Gozag
Hepliaklqana
Kikubaaqudgha
Makhleb
Nemelex Xobeh
Okawaru
Qazlal
Ru
Sif Muna
Trog
Uskayaw
Vehumet
Wu Jian
Xom
Yredelemnul
Zin
The Shining One
Lugonu

Annotations:
D:7 2 transporters, Grum; SirRappy's ghost, novice MiBe
D:11 3 runed translucent doors


Innate Abilities, Weirdness & Mutations

You can spit globs of acid.
Your golden yellow scales are hard. (AC +7)
You cannot fit into any form of body armour.
You are cold-blooded and may be slowed by cold attacks.
You are resistant to acid. (rCorr)
Your life essence is reduced to manifest your ancestor. (-10% HP)
You can translocate small distances at will.
You are frail. (-10% HP)
You are somewhat resistant to further mutation.


Message History

* * * LOW HITPOINT WARNING * * *
The efreet burns you.
* * * LOW HITPOINT WARNING * * *
You feel better.
The efreet hits you with a +0 scimitar of flaming!
* * * LOW HITPOINT WARNING * * *
The efreet burns you.
* * * LOW HITPOINT WARNING * * *
Casting: Searing Ray (safe; 1% risk of failure)
Confirm with . or Enter, or press ? or * to list all spells.
Aiming: Searing Ray (safe; 1% risk of failure)
Press: ? - help, Shift-Dir - straight line, f - efreet
Aim: an efreet, wielding a +0 scimitar of flaming (lightly wounded)
The searing ray hits the efreet!
The efreet is heavily wounded. (Press . to maintain the ray.)
The efreet gestures at you.
The fireball explodes!
The fireball engulfs you!!!
Ouch! That really hurt!
You die...

*** ### *,*#########@#
*****,,........#R#
,,,**,*#######.#.# **,**,* #.#.#
####******* **,**,* #.#.#
#..,,,,,,,, **,,,,* #.#.#
#.#######**
********######.#.######.#......,,
,,,,,,,........................,,
****,,,..####..#......#.#.#....,,


You could see an efreet.

Vanquished Creatures
  A two-headed ogre (D:8)
  Nergalle (D:10)
  An ugly thing (D:11)
  An orb spider (shapeshifter) (D:14)
  A centaur zombie (D:11)
  A gargoyle (D:15)
  A komodo dragon (D:8)
  A kobold demonologist (D:10)
  2 trolls
  2 hippogriffs
  8 yaks
  A wyvern (D:12)
  A steam dragon (D:11)
  An orc warrior (D:8)
  A black bear (D:10)
  A necrophage (D:10)
  An eye of draining (D:7)
  A phantom (D:6)
  An ogre (D:5)
  3 centaurs
  A big kobold (D:8)
  4 bullfrogs
  2 scorpions
  3 wights (D:8)
  A howler monkey (D:5)
  2 crimson imps
  3 hounds
  5 jellies
  4 orc wizards
  A bullfrog skeleton (D:4)
  A gnoll shaman (D:9)
  An orc priest (D:12)
  3 centaur skeletons
  An iguana (D:6)
  Natasha (twice) (D:3)
  5 worker ants
  A killer bee zombie (D:7)
  A hound skeleton (D:7)
  5 gnolls
  8 adders
  2 shadow imps
  An adder zombie (D:5)
  5 worms
  3 dart slugs
  An ancestor (D:3)
  3 leopard geckos
  14 orcs
  A ball python (D:4)
  9 giant cockroaches
  7 hobgoblins
  6 jackals
  5 quokkas
  7 bats
  5 frilled lizards
  A giant cockroach zombie (D:5)
  10 goblins
  5 kobolds
  A leopard gecko zombie (D:7)
  3 quokka skeletons
  A quokka zombie (D:5)
  4 rats
179 creatures vanquished.

Vanquished Creatures (collateral kills)
  2 two-headed ogres
  A cyclops (D:11)
  A centaur zombie (D:10)
  A hippogriff (D:10)
  Sigmund (D:5)
  A human (D:11)
  10 yaks
  A hungry ghost (D:10)
  Edmund (D:5)
  A soldier ant (D:10)
  An orc warrior (D:12)
  2 water moccasins
  A black bear (D:8)
  A necrophage (D:7)
  An ice beast (D:7)
  3 phantoms (D:5)
  A centaur (D:7)
  An ogre (D:11)
  A scorpion (D:11)
  A wight (D:8)
  3 crimson imps
  A quasit (D:10)
  3 hounds
  2 orc priests
  A bullfrog skeleton (D:7)
  2 iguanas
  Natasha (D:3)
  5 orc wizards
  4 worker ants
  A killer bee zombie (D:7)
  A hound zombie (D:5)
  A hound skeleton (D:6)
  4 adders
  3 gnolls
  A howler monkey skeleton (D:3)
  A shadow imp (D:8)
  An adder skeleton (D:4)
  A dart slug (D:4)
  10 orcs
  2 goblins (D:3)
  A hobgoblin (D:3)
  4 kobolds
86 creatures vanquished.

Vanquished Creatures (others)
  An ugly thing (D:11)
  7 knights
  2 ancestors (D:3)
  A kobold (D:11)
  9 plants
20 creatures vanquished.

Grand Total: 285 creatures vanquished

Notes
Turn   | Place    | Note
-------+----------+-------------------------------------------
     0 | D:1      | Vector13 the Draconian Conjurer began the quest for the
                  | Orb.
     0 | D:1      | Reached XP level 1. HP: 14/14 MP: 3/3
   291 | D:1      | Reached skill level 1 in Fighting
   736 | D:1      | Reached XP level 2. HP: 23/23 MP: 5/5
   743 | D:1      | Learned a level 2 spell: Searing Ray
  1444 | D:2      | Found a hide-covered altar of Uskayaw.
  1444 | D:2      | Noticed a +0 hand axe
  1444 | D:2      | Noticed a +0 hand axe
  1454 | D:2      | Reached XP level 3. HP: 27/29 MP: 3/6
  1560 | D:2      | Found a shadowy altar of Dithmenos.
  1652 | D:2      | Found a shimmering altar of Xom.
  1652 | D:2      | Found a glowing silver altar of Zin.
  1653 | D:2      | Noticed an angel
  2427 | D:2      | Reached XP level 4. HP: 37/37 MP: 2/7
  2824 | D:3      | Found a hazy altar of Hepliaklqana.
  2832 | D:3      | Became a worshipper of Hepliaklqana the Forgotten
  3057 | D:3      | Reached XP level 5. HP: 40/40 MP: 5/9
  3340 | D:3      | Reached * piety under Hepliaklqana
  3383 | D:3      | Noticed Natasha
  3389 | D:3      | Killed Natasha
  3587 | D:3      | Noticed Natasha
  3593 | D:3      | Killed Natasha
  3705 | D:3      | Noticed Natasha
  3711 | D:3      | Killed Natasha
  3711 | D:3      | Reached skill level 1 in Invocations
  4100 | D:4      | Found a snail-covered altar of Cheibriados.
  4138 | D:4      | Reached XP level 6. HP: 45/45 MP: 2/11
  4626 | D:5      | Entered Level 5 of the Dungeon
  4804 | D:5      | Reached ** piety under Hepliaklqana
  4820 | D:5      | Learned a level 3 spell: Dazzling Spray
  4867 | D:5      | Your scales start taking on a golden yellow colour.
  4867 | D:5      | Reached XP level 7. HP: 51/51 MP: 1/12
  4867 | D:5      | Gained mutation: You are resistant to acid. (rCorr) [Yellow
                  | Draconian growth]
  4868 | D:5      | Remembered your ancestor Akhenaten as a knight
  4896 | D:5      | Got a jewelled dagger
  4897 | D:5      | Identified the cursed +1 dagger "Fuliuw" {pierce, +Rage
                  | Int+2} (You found it on level 5 of the Dungeon)
  5065 | D:5      | Found an opulent altar of Gozag.
  5094 | D:5      | Reached skill level 5 in Conjurations
  5397 | D:5      | Noticed Edmund
  5414 | D:5      | Killed Edmund
  5441 | D:5      | Noticed Sigmund
  5448 | D:5      | Killed Sigmund
  5448 | D:5      | Reached XP level 8. HP: 38/56 MP: 6/14
  5577 | D:5      | Found a stormy altar of Qazlal.
  5718 | D:6      | Found a staircase to the Ecumenical Temple.
  5733 | Temple   | Entered the Ecumenical Temple
  6208 | D:6      | Found a shimmering blue altar of Sif Muna.
  6277 | D:7      | Reached skill level 5 in Spellcasting
  6402 | D:7      | Learned a level 4 spell: Iskenderun's Mystic Blast
  6543 | D:7      | Found an iron altar of Okawaru.
  6568 | D:7      | Found a sacrificial altar of Ru.
  6781 | D:7      | Reached *** piety under Hepliaklqana
  6781 | D:7      | Identified the +0 robe of Josaatoh {rN+ Str+2}
  6796 | D:7      | Reached skill level 5 in Stealth
  6803 | D:7      | Reached XP level 9. HP: 63/63 MP: 13/17
  7019 | D:7      | Found a radiant altar of Vehumet.
  7332 | D:7      | Found a transporter.
  7338 | D:7      | Found a transporter.
  7383 | D:7      | Noticed Grum
  7402 | D:7      | Noticed SirRappy's ghost (novice MiBe)
  7567 | D:8      | Reached skill level 5 in Dodging
  7600 | D:8      | Reached skill level 5 in Invocations
  7770 | D:8      | Found a staircase to the Lair.
  7770 | D:8      | Noticed a komodo dragon
  7770 | D:8      | Noticed a two-headed ogre
  7796 | D:8      | Killed a two-headed ogre
  7903 | D:8      | Killed a komodo dragon
  7903 | D:8      | Reached skill level 5 in Fighting
  8159 | D:8      | Found a shattered altar of Ashenzari.
  8218 | D:8      | Noticed a two-headed ogre
  8232 | D:8      | Killed a two-headed ogre
  8232 | D:8      | Reached XP level 10. HP: 46/73 MP: 8/19
  8554 | D:8      | Reached **** piety under Hepliaklqana
  8784 | D:8      | Reached skill level 1 in Short Blades
  9415 | D:9      | Noticed a two-headed ogre
  9632 | D:9      | Identified the +1 robe of the Pit {+Blink rF+++ rN+ Int-3}
  9652 | D:9      | Learned a level 2 spell: Blink
  9655 | D:9      | Learned a level 2 spell: Call Imp
 10439 | D:9      | Killed a two-headed ogre
 10691 | D:10     | Entered Level 10 of the Dungeon
 10694 | D:10     | Noticed Nergalle
 10706 | D:10     | Killed Nergalle
 10765 | D:10     | Reached XP level 11. HP: 78/81 MP: 19/21
 10871 | D:10     | Noticed a sixfirhy
 11026 | D:10     | Found a staircase to the Orcish Mines.
 11146 | D:10     | Reached ***** piety under Hepliaklqana
 11618 | D:11     | Killed a purple ugly thing
 11673 | D:11     | Noticed a purple ugly thing
 11684 | D:11     | Killed a purple ugly thing
 11813 | D:11     | Found a runed translucent gate.
 11813 | D:11     | Found a runed translucent gate.
 11814 | D:11     | Found a runed translucent gate.
 11814 | D:11     | Noticed a cyan ugly thing
 11814 | D:11     | Noticed a glowing orange brain
 11815 | D:11     | Noticed a brown ugly thing
 11815 | D:11     | Noticed a red ugly thing
 11817 | D:11     | Noticed a brown very ugly thing
 11818 | D:11     | Noticed a white ugly thing
 11975 | D:11     | Found a gate leading to a gauntlet.
 12473 | D:11     | Gained mutation: You are frail. (-10% HP) [potion of
                  | mutation]
 12473 | D:11     | Gained mutation: You are somewhat resistant to further
                  | mutation. [potion of mutation]
 12473 | D:11     | Gained mutation: You can translocate small distances at
                  | will. [potion of mutation]
 12593 | D:11     | Found a shimmering blue altar of Sif Muna.
 12616 | D:11     | Identified Sif Muna's Grimoire of Companions
 12704 | D:12     | Found a basalt altar of Yredelemnul.
 12780 | D:12     | You fall into a shaft and drop 3 floors!
 12780 | D:15     | Entered Level 15 of the Dungeon
 12983 | D:14     | Found a shattered altar of Ashenzari.
 12984 | D:14     | Noticed an orb spider
 12997 | D:14     | Killed an orb spider
 13009 | D:15     | Killed from afar by an efreet

Levels and vault maps discovered:
D:1:      denvon_arrival_planthouse, layout_basic, grunt_decor_clamped
D:2:      layout_loops_corners, grunt_temple_overflow_order_and_chaos_1,
          dancing_weapons_uskayaw, lemuel_crystal_altar
D:3:      layout_basic, lemuel_round_altar, first_ration,
          uniq_crazy_yiuf_cottage, uniq_natasha
D:4:      layout_loops_cross, lemuel_doored_altar, serial_park_tiny_2
D:5:      layout_loops_ring, lemuel_round_altar, marbit_many_paths,
          dk_vineyard_2, sigmund_edmund_badplayer
D:6:      layout_cave_pools, lemuel_coloured_pillars_altar,
          minmay_temple_entry_overgrown
D:7:      layout_cave_pods, lemuel_crystal_altar, okawaru_gym_becter,
          kennysheep_mini, gammafunk_ghost_gnarly_gnolls
D:8:      layout_cave_pools, kennysheep_little_box, david_lair_shrubbed
D:9:      layout_long_grid, minmay_misc_feat_chi
D:10:     layout_irregular_city, orc_0_dummy, uniq_nergalle
D:11:     layout_basic, gauntlet_entry_generic,
          ploomutoo_gammafunk_ghost_potion_laboratory, hangedman_stone_soup,
          led_sif_book
D:12:     layout_layer_cave, yredelemnul_altar_generic
D:14:     layout_big_octagon, ashenzari_altar_1, minmay_misc_feat_alley,
          grunt_gozag_statues, uniq_jorgrun, uniq_rupert
D:15:     hangedman_depths_entry_civil_slaughter, layout_basic,
          minmay_misc_feat_five, kennysheep_doodads
Temple:   corrupted_temple

Skill      XL: |  1  2  3  4  5  6  7  8  9 10 11 |
---------------+----------------------------------+-----
Fighting       | 1 2 3 4 5 6 7 |  7.8
Dodging        | 2 3 4 5 6 7 |  7.3
Stealth        | 2 3 4 5 6 7 |  7.8
Spellcasting   | 3 4 5 6 7 |  7.7
Invocations    | 1 2 3 4 6 7 8 |  8.2
Conjurations   | 5 6 7 8 |  8.6
Short Blades   | 3 4 |  4.7

Action                   |  1- 3 |  4- 6 |  7- 9 | 10-12 || total
-------------------------+-------+-------+-------+-------++-------
Melee: Dagger            |    29 |     7 |    61 |   212 ||   309
       Tailslap          |     4 |     1 |     7 |    39 ||    51
       Unarmed           |     1 |       |       |       ||     1
       Short sword       |       |    11 |       |       ||    11
       Falchion          |       |     1 |       |       ||     1
 Cast: Searing Ray       |    23 |    29 |    29 |    51 ||   132
       Magic Dart        |    15 |    38 |    83 |    88 ||   224
       Dazzling Spray    |       |     1 |     4 |     1 ||     6
       Iskenderun's Myst |       |       |    10 |    13 ||    23
       Call Imp          |       |       |       |     6 ||     6
       Blink             |       |       |       |     1 ||     1
Invok: Ancestor Identity |       |     1 |       |       ||     1
       Ancestor Life: Kn |       |       |     1 |       ||     1
       Recall Ancestor   |       |       |       |     2 ||     2
       Transference      |       |       |       |     1 ||     1
 Abil: Breathe Acid      |       |       |     1 |       ||     1
       Evoke Flight      |       |       |       |     1 ||     1
  Use: Scroll            |     3 |     5 |     9 |     9 ||    26
       Potion            |       |       |     2 |    10 ||    12
 Stab: Distracted        |       |       |       |     3 ||     3
       Sleeping          |       |       |       |     2 ||     2
  Eat: Chunk             |     3 |     7 |     2 |     3 ||    15
       Ration            |     1 |     1 |     3 |     4 ||     9
Armor: Skin              |    16 |    20 |    20 |   114 ||   170
Dodge: Dodged            |    41 |    35 |    48 |   269 ||   393
       Rpst.: Falchion   |       |     1 |       |       ||     1
